Map: Dusk Towers

Players

MorN - Winner!

  • Race: Terran Terran
  • League: Master

Enger

  • Race: Zerg Zerg
  • League: Platinum

VOD

Have the link to the VOD?

Description

Time

  • Played on: Dec. 5, 2015, 3:51 p.m.
  • Length: 10:46
Show
View Real Time Build Order
Export as new Build Order

MorN Terran - Winner!

Build Orders: Reaper Expand, MMM Bio 

Get SALT Encoding   

  12  0:00  SCV  
  13  0:13  SCV  
  14  0:17  Supply Depot  
  14  0:25  SCV  
  15  0:39  SCV  
  15  0:40  Barracks  
  16  0:45  Refinery  
  16  0:51  SCV  
  17  1:03  SCV  
  18  1:15  SCV  
  19  1:28  Orbital Command  
  19  1:29  Reaper  
  20  1:40  Command Center  
  20  1:52  Supply Depot  
  20  1:56  SCV  
  21  2:01  Barracks Reactor  
  21  2:08  SCV  
  22  2:20  SCV  
  23  2:23  Factory  
  23  2:39  Marine  
  23  2:40  Marine  
  26  2:44  SCV  
  26  2:54  Refinery  
  26  2:55  Orbital Command  
  26  2:56  SCV  
  26  2:57  Marine  
  26  2:58  Marine  
  28  3:00  Command Center  
  29  3:08  SCV  
  29  3:11  Factory Tech Lab  
  29  3:12  Engineering Bay  
  30  3:15  Starport  
  30  3:18  Marine  
  30  3:19  Marine  
  32  3:23  SCV  
  32  3:26  SCV  
  34  3:36  Marine  
  34  3:39  Marine  
  36  3:41  Siege Tank  
  36  3:44  Supply Depot, SCV  
  39  3:54  Viking  
  41  3:56  SCV  
  41  3:57  SCV  
  41  3:59  Marine x2  
  45  4:09  SCV  
  46  4:10  SCV  
  46  4:11  Supply Depot  
  46  4:16  Orbital Command  
  47  4:21  SCV  
  47  4:22  Marine x2  
  47  4:24  Factory Tech Lab  
  50  4:32  SCV  
  50  4:33  SCV  
  50  4:34  Banshee  
  50  4:35  Cloaking Field  
  55  4:41  Supply Depot  
  55  4:43  Refinery  
  55  4:44  SCV x2, Refinery  
  57  4:49  Engineering Bay  
  57  4:50  Engineering Bay  
  57  4:52  SCV  
  58  5:05  SCV, Factory Reactor, Barracks  
  59  5:10  Barracks  
  59  5:17  Banshee  
  59  5:18  Bunker  
  58  5:36  Marine  
  58  5:38  Stimpack  
  59  5:46  SCV  
  60  5:50  SCV  
  60  5:51  SCV  
  60  5:54  Marine  
  60  5:55  Factory Reactor  
  63  5:58  SCV  
  63  5:59  Banshee  
  63  6:03  SCV  
  68  6:10  SCV x2  
  70  6:12  Marine  
  70  6:14  Terran Infantry Weapons Level 1, Terran Infantry Armor Level 1  
  70  6:15  SCV  
  70  6:16  Barracks x2  
  72  6:22  SCV  
  73  6:31  Marine  
  74  6:35  SCV x2  
  74  6:38  Supply Depot x3  
  76  6:49  Marine  
  76  6:52  Starport Reactor  
  76  6:54  Factory Reactor  
  77  6:55  Orbital Command  
  77  7:00  SCV x2  
  79  7:06  Marine  
  80  7:12  Marine x2  
  80  7:13  Marine  
  83  7:16  Marine  
  79  7:25  SCV x3, Marauder  
  84  7:30  Marine x2  
  84  7:34  Medivac x2  
  84  7:35  Combat Shields  
  87  7:37  SCV x3  
  87  7:38  Concussive Shells  
  90  7:44  Marauder, Marine x3  
  90  7:45  Widow Mine x2  
  90  7:46  Marine  
  90  7:49  SCV  
  101  7:53  SCV x2  
  101  7:55  Armory, Refinery  
  103  7:58  Command Center  
  103  8:01  SCV  
  103  8:02  Barracks x2  
  103  8:04  Barracks, Marauder  
  103  8:05  SCV x2  
  108  8:10  Refinery  
  108  8:11  Supply Depot  
  108  8:13  Supply Depot, SCV  
  108  8:15  Supply Depot  
  108  8:17  Supply Depot  
  108  8:19  Supply Depot  
  109  8:20  Supply Depot  
  109  8:32  SCV, Medivac x2, Marine x3  
  109  8:33  Supply Depot  
  117  8:34  SCV x2, Marine x2  
  117  8:35  Marauder x2  
  117  8:36  Marine  
  126  8:44  SCV  
  126  8:45  Supply Depot  
  126  8:46  SCV x2  
  129  8:50  Marine  
  129  8:51  Marine x2  
  129  8:52  Barracks Reactor, Barracks Tech Lab  
  129  8:53  Barracks Reactor  
  129  8:54  Marine x3  
  135  8:55  Barracks Tech Lab  
  135  8:56  Marauder x2  
  135  8:57  SCV  
  135  8:59  SCV x2  
  135  9:00  Supply Depot  
  141  9:06  Missile Turret  
  141  9:08  Missile Turret x3  
  141  9:09  SCV, Missile Turret  
  134  9:11  SCV x2  
  133  9:17  Marauder x2  
  133  9:21  SCV  
  133  9:22  Marine x5  
  133  9:23  SCV, Marauder x2, Marine  
  138  9:35  Marine x2  
  129  9:38  Marine  
  129  9:39  Marauder  
  129  9:44  Marine x2  
  129  9:45  Marauder  
  132  9:48  Marine x2  
  132  9:49  Marauder  
  135  9:56  Marine x2  
  135  9:57  Marauder  
  135  9:58  Supply Depot  
  135  9:59  SCV x3  
  140  10:00  Marauder  
  142  10:11  SCV  
  142  10:13  Marine x2  
  141  10:14  Marauder x2  
  141  10:20  Marauder, Marine x2  
  139  10:22  Marauder  
Show
View Real Time Build Order
Export as new Build Order

Enger Zerg 

Build Orders: Hatch First 

Get SALT Encoding   

  12  0:01  Drone  
  13  0:11  Drone  
  14  0:18  Overlord  
  14  0:26  Drone, Extractor  
  15  0:37  Drone x2  
  17  0:45  Drone  
  18  0:57  Hatchery  
  18  1:00  Drone  
  18  1:06  Drone  
  19  1:15  Extractor  
  18  1:19  Spawning Pool  
  18  1:20  Drone  
  18  1:27  Drone  
  19  1:39  Overlord  
  19  1:49  Drone  
  20  1:59  Drone  
  21  2:06  Queen  
  23  2:09  Queen  
  23  2:10  Zergling x4  
  27  2:18  Metabolic Boost  
  27  2:25  Overlord  
  27  2:30  Drone  
  28  2:40  Drone x2  
  29  2:50  Drone x2  
  30  2:52  Queen x2  
  34  3:01  Drone x2  
  36  3:10  Overlord  
  36  3:12  Zergling x2  
  38  3:20  Drone x3, Roach Warren  
  38  3:24  Overlord  
  38  3:25  Overlord  
  39  3:29  Extractor  
  39  3:30  Extractor  
  37  3:36  Drone x3  
  37  3:37  Drone  
  41  4:03  Roach  
  41  4:04  Roach x6  
  41  4:09  Roach x2  
  59  4:15  Drone  
  60  4:23  Drone x3  
  63  4:35  Drone x5  
  68  4:46  Overlord  
  68  4:48  Overlord  
  68  4:52  Hatchery  
  67  5:07  Ravager  
  67  5:08  Ravager x5  
  67  5:09  Ravager  
  67  5:12  Zergling x16  
  82  5:14  Overlord  
  82  5:20  Drone x2  
  76  5:35  Lair  
  67  5:52  Overlord  
  67  5:53  Drone x4  
  67  5:56  Overlord, Extractor  
  70  5:59  Spore Crawler  
  70  6:00  Spore Crawler  
  61  6:11  Drone  
  62  6:23  Drone x3  
  61  6:38  Overseer  
  60  6:40  Queen  
  60  6:41  Queen x2  
  63  6:49  Drone x3  
  63  6:50  Drone x2, Spire  
  63  7:05  Drone  
  63  7:07  Drone x15  
  76  7:20  Drone  
  76  7:21  Drone x8  
  84  7:24  Extractor  
  84  7:27  Extractor  
  82  7:48  Overlord  
  82  7:51  Evolution Chamber, Drone x2, Overlord  
  84  7:52  Hatchery  
  84  7:53  Evolution Chamber, Overlord  
  84  7:54  Overlord  
  81  8:06  Mutalisk  
  81  8:07  Mutalisk x9  
  81  8:09  Zerg Flyer Weapons Level 1  
  81  8:11  Overseer  
  101  8:20  Overlord  
  101  8:27  Extractor  
  101  8:29  Extractor  
  101  8:33  Baneling Nest  
  98  8:34  Overlord  
  98  8:37  Drone x3  
  98  8:38  Drone x2  
  98  8:39  Drone x4  
  98  8:40  Overlord  
  107  8:50  Drone x2  
  109  8:57  Zergling x8  
  113  9:10  Zergling x22  
  113  9:14  Hatchery  
  101  9:55  Zergling x26  
  112  10:06  Hatchery  
  108  10:15  Drone  
  108  10:16  Drone x2  
Tags
 
Add a new tag
Caveats
  • Supply blocks, unpowered buildings, or Contaminate may cause inaccurate times.
  • Supply counts are checked every 10 seconds.